 Dungeon Crawl Stone Soup version 0.22-a0-409-gb855193 (webtiles) character file.

124 TheGoonsmith the Conjurer (level 4, 0/30 HPs)
             Began as a Demonspawn Wizard on May 10, 2018.
             Was an Initiate of Sif Muna.
             Slain by a worker ant (1 damage)
             ... on level 4 of the Dungeon.
             The game lasted 00:06:15 (4267 turns).

TheGoonsmith the Conjurer (Demonspawn Wizard)       Turns: 4267, Time: 00:06:16

Health: 0/30       AC:  3    Str:  7    XL:     4   Next: 81%
Magic:  0/8        EV: 12    Int: 21    God:    Sif Muna [......]
Gold:   139        SH:  0    Dex: 11    Spells: 2/9 levels left

rFire    . . .     SeeInvis .   f - +0 dagger
rCold    . . .     Gourm    .   (no shield)
rNeg     . . .     Faith    .   a - +0 robe
rPois    .         Spirit   .   b - +0 hat
rElec    .         Reflect  .   e - +0 cloak
rCorr    .         Harm     .   (no gloves)
MR       .....                  (no boots)
Stlth    +.........             (no amulet)
HPRegen  0.10/turn              (no ring)
MPRegen  0.11/turn              (no ring)

@: no status effects
A: hooves 2
a: Renounce Religion


You were on level 4 of the Dungeon.
You worshipped Sif Muna.
Sif Muna was noncommittal.
You were very hungry.

You visited 1 branch of the dungeon, and saw 4 of its levels.

You collected 139 gold pieces.

Inventory:

Hand Weapons
 f - a +0 dagger (weapon)
Armour
 a - a +0 robe (worn)
 b - a +0 hat (worn)
 e - a +0 cloak (worn)
 m - a scarf of spirit shield
Jewellery
 l - a cursed +3 ring of dexterity {unknown}
 q - an uncursed ring of positive energy {unknown}
Scrolls
 c - 2 scrolls of teleportation {unknown}
 h - a scroll of enchant weapon {unknown}
 i - 2 scrolls of blinking {unknown}
 j - 2 scrolls of enchant armour {unknown}
 k - a scroll of immolation {unknown}
 n - 3 scrolls of magic mapping {unknown}
 o - 2 scrolls of fog {unknown}
 p - 3 scrolls of remove curse {unknown}
Potions
 g - 2 potions of agility
 r - 2 potions of resistance
Comestibles
 d - 5 rations


   Skills:
 - Level 1.7 Dodging
 - Level 1.7 Stealth
 - Level 3.0 Spellcasting
 * Level 4.7 Conjurations
   Level 1.0 Summonings
 - Level 0.8 Translocations


You had 2 spell levels left.
You knew the following spells:

 Your Spells              Type           Power        Failure   Level  Hunger
a - Magic Dart            Conj           ###.         1%          1    None
e - Blink                 Tloc           N/A          14%         2    ##.....
x - Iskenderun's Mystic   Conj           ###.....     19%         4    ####...


Dungeon Overview and Level Annotations

Branches:
Dungeon (4/15)
 Temple: D:4-7

Altars:
Gozag
Sif Muna
Uskayaw

Annotations:
D:2 Sigmund
D:3 mezmerelda's ghost, weakling MfGl


Innate Abilities, Weirdness & Mutations

You have hoof-like feet.


Message History

Press: ? - help, Shift-Dir - straight line, f/p - worker ant
Aim: a worker ant (lightly wounded)
The magic dart hits the worker ant.
The worker ant is moderately wounded.
Casting: Magic Dart (safe; 1% risk of failure)
Confirm with . or Enter, or press ? or * to list all spells.
Aiming: Magic Dart (safe; 1% risk of failure)
Press: ? - help, Shift-Dir - straight line, f/p - worker ant
Aim: a worker ant (moderately wounded)
The magic dart hits the worker ant.
The worker ant is heavily wounded.
Casting: Magic Dart (safe; 1% risk of failure)
Confirm with . or Enter, or press ? or * to list all spells.
Aiming: Magic Dart (safe; 1% risk of failure)
Press: ? - help, Shift-Dir - straight line, f/p - worker ant
Aim: a worker ant (heavily wounded)
The magic dart hits the worker ant.
The worker ant is heavily wounded.
The worker ant barely misses you. The worker ant bites you.
You die...

. .#
##########.#
#..?.......#
#..........#
#>....%....#
#....a.....##
#....@.......
#..........##
#............
#..........##
#..........#
...####.#####
.... .. #.#
##


You could see a worker ant.

Vanquished Creatures
  An adder (D:3)
  2 oozes
  A worm (D:2)
  4 dart slugs
  6 leopard geckos
  An orc (D:3)
  13 bats
  9 giant cockroaches
  6 hobgoblins
  4 jackals (D:3)
  10 kobolds
  2 quokkas
  3 frilled lizards
  10 goblins
  10 rats
82 creatures vanquished.

Notes
Turn   | Place    | Note
-------+----------+-------------------------------------------
     0 | D:1      | TheGoonsmith the Demonspawn Wizard began the quest for the Orb.
     0 | D:1      | Reached XP level 1. HP: 13/13 MP: 4/4
   192 | D:1      | Reached skill level 2 in Conjurations
   261 | D:1      | Gained mutation: You have large cloven feet. [demonic ancestry]
   261 | D:1      | Reached XP level 2. HP: 19/19 MP: 4/6
   646 | D:1      | Reached skill level 3 in Conjurations
   867 | D:1      | Reached XP level 3. HP: 24/24 MP: 0/7
  1415 | D:2      | Noticed Sigmund
  2118 | D:2      | Found an opulent altar of Gozag.
  2118 | D:2      | Found a hide-covered altar of Uskayaw.
  2119 | D:2      | Found a deep blue altar of Sif Muna.
  2132 | D:2      | Became a worshipper of Sif Muna the Loreminder
  2478 | D:3      | Gained mutation: You have hoof-like feet. [demonic ancestry]
  2478 | D:3      | Reached XP level 4. HP: 21/30 MP: 5/8
  2594 | D:3      | Reached skill level 4 in Conjurations
  3104 | D:3      | Noticed mezmerelda's ghost (weakling MfGl)
  3120 | D:3      | HP: 1/30 [mezmerelda's ghost (12)]
  3498 | D:2      | Learned a level 2 spell: Blink
  3503 | D:2      | Learned a level 4 spell: Iskenderun's Mystic Blast
  3757 | D:2      | HP: 1/30 [Sigmund/scythe (5)]
  4262 | D:3      | HP: 1/30 [mezmerelda's ghost (11)]
  4267 | D:4      | Slain by a worker ant

Vault maps used:
D:1:      dpeg_arrival_round_c, minmay_ruptured
D:2:      minitemple, first_ration, uniq_sigmund
D:3:      wad_river_or_something, serial_bayou_pond_e
D:4:      roderic_batcave

Skill      XL: |  1  2  3  4 |
---------------+-------------+-----
Conjurations   | 2 3 4 |  4.7
Dodging        | |  1.7
Stealth        | |  1.7
Spellcasting   | |  3.0
Summonings     | |  1.0
Translocations | |  0.8

Action                   |  1- 3 |  4- 6 || total
-------------------------+-------+-------++-------
Melee: Dagger            |    41 |    30 ||    71
       Kick              |     8 |     4 ||    12
 Cast: Magic Dart        |   110 |    88 ||   198
       Iskenderun's Myst |       |     1 ||     1
  Use: Potion            |       |     3 ||     3
 Stab: Sleeping          |       |     1 ||     1
  Eat: Chunk             |     4 |     2 ||     6
       Ration            |       |     1 ||     1
Armor: Robe              |    31 |     6 ||    37
Dodge: Dodged            |    62 |    39 ||   101

Table legend:
 A = Spawn XP
 B = Non-spawn XP
 C = Spawn XP percentage of total XP
 D = Spawn monster count
 E = Non-spawn monster count
 F = Spawn count percentage of total count
 G = Total turns spent on level
                    A         B        C        D         E        F      G
               +---------+---------+-------+---------+---------+-------+---------
         Total |       0 |     178 |   0.0 |       0 |      82 |   0.0 |  4267
               +---------+---------+-------+---------+---------+-------+---------
           D:1 |       0 |      58 |   0.0 |       0 |      27 |   0.0 |  1712
           D:2 |       0 |      41 |   0.0 |       0 |      22 |   0.0 |  1298
           D:3 |       0 |      79 |   0.0 |       0 |      33 |   0.0 |  1253
               +---------+---------+-------+---------+---------+-------+---------
